Map: Void Training Stage 1

Players

Mindele - Winner!

  • Race: Terran Terran

Player 2

  • Race: Terran Terran

VOD

Have the link to the VOD?

Description

Time

  • Played on: May 13, 2016, 7:10 p.m.
  • Length: 5:43
Show
View Real Time Build Order
Export as new Build Order

Mindele Terran - Winner!

Build Orders:  

Get SALT Encoding   

  12  0:01  SCV  
  13  0:13  SCV  
  14  0:23  Supply Depot  
  14  0:25  SCV  
  15  0:44  SCV  
  16  0:51  Barracks  
  16  0:57  SCV  
  17  1:02  Refinery  
  17  1:09  SCV  
  18  1:15  Supply Depot  
  18  1:21  SCV  
  19  1:26  Barracks  
  19  1:38  Barracks  
  19  1:40  Orbital Command  
  19  1:57  Reaper  
  20  2:02  Refinery  
  20  2:06  SCV  
  21  2:15  Reaper  
  22  2:18  SCV  
  23  2:26  Barracks  
  23  2:30  SCV  
  23  2:32  Reaper  
  23  2:36  Marine  
  26  2:42  SCV  
  27  2:48  Reaper  
  27  2:49  Supply Depot  
  28  2:54  SCV  
  29  3:00  Reaper  
  30  3:07  SCV  
  30  3:12  Supply Depot  
  31  3:16  Reaper  
  31  3:17  Marine  
  31  3:19  SCV  
  34  3:31  SCV  
  35  3:35  Supply Depot  
  35  3:38  Marine  
  35  3:39  Marine  
  36  3:44  Reaper  
  37  3:51  Marine  
  38  3:57  Reaper  
  38  3:58  Reaper  
  38  3:59  SCV  
  38  4:02  Supply Depot  
  40  4:11  Marine, SCV  
  42  4:26  Supply Depot, Marine  
  42  4:27  SCV  
  42  4:29  Command Center  
  44  4:32  Marine x2  
  44  4:33  Marine  
  47  4:39  SCV  
  48  4:49  Supply Depot  
  48  4:55  Reaper x2  
  48  4:56  Reaper x2  
  52  5:03  SCV  
  53  5:12  Supply Depot  
  53  5:15  SCV  
Show
View Real Time Build Order
Export as new Build Order

Player 2 Terran 

Build Orders:  

Get SALT Encoding   

  12  0:00  SCV  
  13  0:13  SCV  
  14  0:19  Supply Depot  
  14  0:36  Refinery  
  14  0:42  Barracks  
  14  1:03  Supply Depot  
  14  1:13  Refinery  
  14  1:29  Marine, SCV  
  16  1:41  SCV  
  17  1:53  SCV  
  18  2:04  Marine  
  18  2:05  SCV  
  20  2:18  SCV  
  21  2:30  SCV  
  22  2:39  Marine  
  22  2:43  Orbital Command  
  23  3:36  Marine  
  23  3:38  Supply Depot  
  21  3:50  SCV  
  19  4:02  SCV  
  16  4:04  Marine  
  15  4:14  SCV  
  8  4:26  SCV  
  5  4:33  Marine  
  5  4:38  SCV  
  2  4:50  SCV  
  1  5:08  Marine  
Tags
 
Add a new tag
Caveats
  • Supply blocks, unpowered buildings, or Contaminate may cause inaccurate times.
  • Supply counts are checked every 10 seconds.